 Dungeon Crawl Stone Soup version 0.18.1-2-ga659475 (webtiles) character file.

450 IcyTea the Chiller (level 7, -8/46 HPs)
             Began as a Formicid Ice Elementalist on May 8, 2016.
             Was a Follower of Okawaru.
             Shot with an arrow by a centaur (9 damage)
             ... on level 3 of the Dungeon.
             The game lasted 00:34:36 (5395 turns).

IcyTea the Chiller (Formicid Ice Elementalist)      Turns: 5395, Time: 00:34:37

Health: -8/46      AC:  3    Str: 12    XL:     7   Next: 25%
Magic:  11/11      EV: 11    Int: 17    God:    Okawaru [*.....]
Gold:   184        SH:  0    Dex: 11    Spells: 4 memorised, 2 levels left

rFire  . . .     SeeInvis +     o - +3 flail
rCold  . . .     Gourm    .     a - +1 robe
rNeg   . . .     Faith    .     (no shield)
rPois  .         Spirit   .     (helmet unavailable)
rElec  .         Dismiss  .     (no cloak)
rCorr  +         Reflect  .     (no gloves)
SustAt .         Harm     .     (no boots)
MR     .....                    (no amulet)
Stlth  +.........               p - ring of resist corrosion
                                h - ring of wizardry

@: heavily drained, not resistant to hostile enchantments, very unstealthy
A: permanent stasis, dig shafts and tunnels, four strong arms, antennae 3
a: Dig, Shaft Self, Heroism, Renounce Religion


You were on level 3 of the Dungeon.
You worshipped Okawaru.
Okawaru was aware of your devotion.
You were not hungry.

You visited 1 branch of the dungeon, and saw 4 of its levels.

You collected 184 gold pieces.

Inventory:

Hand Weapons
 o - a +3 flail (weapon)
Armour
 a - a +1 robe (worn)
Jewellery
 h - a ring of wizardry (left hand)
 p - a ring of resist corrosion (right hand)
Wands
 g - a wand of iceblast (8/15)
 k - a wand of random effects (27/48)
Scrolls
 d - a scroll of recharging
 m - a scroll of identify
 n - a scroll of enchant armour
 q - a scroll of magic mapping
Potions
 f - 3 potions of curing
 i - a potion of lignification
Books
 b - a book of Frost

   Spells                             Type                      Level
   a - Freeze                         Ice                          1
   b - Throw Frost                    Conjuration/Ice              2
   c - Ozocubu's Armour               Charms/Ice                   3
   d - Throw Icicle                   Conjuration/Ice              4
   e - Summon Ice Beast               Ice/Summoning                4
Comestibles
 c - 2 bread rations
 l - 2 meat rations


   Skills:
 - Level 1.7(0.0) Dodging
 - Level 2.4(0.5) Stealth
 - Level 3.0(1.1) Spellcasting
 - Level 1.1(0.0) Conjurations
 - Level 3.1(1.2) Summonings
 + Level 6.5(4.4) Ice Magic


You had 2 spell levels left.
You knew the following spells:

 Your Spells              Type           Power        Failure   Level  Hunger
a - Freeze                Ice            ###.         1%          1    ##.....
b - Throw Frost           Conj/Ice       #.....       6%          2    ###....
c - Summon Ice Beast      Ice/Summ       ##......     38%         4    #####..
d - Ozocubu's Armour      Chrm/Ice       #.......     10%         3    ####...


Dungeon Overview and Level Annotations

Branches:
Dungeon (4/15)
 Temple: D:4-7

Altars:
Cheibriados
Okawaru


Innate Abilities, Weirdness & Mutations

You are under a permanent stasis effect.
You can dig through walls and to a lower floor.
Your four strong arms can wield two-handed weapons with a shield.
You have a pair of large antennae on your head (SInv).


Message History

Okay, then.
A centaur comes into view.
The centaur shouts!
The giant gecko bites you.
The centaur wields a shortbow.
The centaur shoots an arrow.
The arrow hits you!
You see here an arrow.
You hit the giant gecko.
The giant gecko is heavily wounded.
The centaur shoots an arrow.
The arrow hits you.
The giant gecko bites you but does no damage.
The centaur shoots an arrow.
The arrow hits you!
* * * LOW HITPOINT WARNING * * *
The giant gecko bites you.
* * * LOW HITPOINT WARNING * * *
A goblin comes into view. It is wielding a dagger.
The centaur shoots an arrow.
The arrow hits you!
* * * LOW HITPOINT WARNING * * *
You see here an arrow.
The centaur shoots an arrow.
The arrow hits you!
You die...

.# #...Y................####.#
.############...#)...###..#####..
......######..#)..##.#.........##
..###.>.........####...#######.##
.Yz..#..........###....##........
†###.#..........#................
.# #.............[....)..........
.# ###..........#...(............
r#####.........>@l...............
................#.........g......
.#######........#................
## #........#######c.........
########........# ##.........
......##....##### ##.....#..
......#...### #...#####
........### #...# .......## #...#


You could see a centaur and a giant gecko.

Vanquished Creatures
  An ogre (D:4)
  A howler monkey (D:4)
  A centaur skeleton (D:4)
  A hound (D:4)
  An orc wizard (D:3)
  A giant frog skeleton (D:4)
  A worker ant (D:4)
  Robin (D:2)
  3 adders
  An ooze (D:2)
  An adder skeleton (D:4)
  2 worms (D:3)
  3 dart slugs
  4 giant geckos
  10 orcs
  11 bats
  5 giant cockroaches
  11 goblins
  10 hobgoblins
  4 jackals (D:1)
  7 kobolds
  3 quokkas
  A ball python (D:1)
  6 giant newts
  3 rats
93 creatures vanquished.

Vanquished Creatures (collateral kills)
  2 wights
  An iguana (D:4)
  A rat (D:3)
4 creatures vanquished.

Grand Total: 97 creatures vanquished

Notes
Turn   | Place    | Note
--------------------------------------------------------------
     0 | D:1      | IcyTea the Formicid Ice Elementalist began the quest for the Orb.
     0 | D:1      | Reached XP level 1. HP: 13/13 MP: 3/3
   160 | D:1      | Reached XP level 2. HP: 15/19 MP: 0/5
   242 | D:1      | Learned a level 2 spell: Throw Frost
   598 | D:1      | Reached skill level 4 in Ice Magic
   598 | D:1      | Reached XP level 3. HP: 24/24 MP: 0/6
   711 | D:1      | Reached skill level 1 in Conjurations
  1977 | D:3      | Noticed Robin
  2002 | D:2      | Reached XP level 4. HP: 17/30 MP: 3/8
  2005 | D:2      | Killed Robin
  2806 | D:3      | Reached XP level 5. HP: 35/35 MP: 0/9
  2812 | D:3      | Learned a level 4 spell: Summon Ice Beast
  2816 | D:3      | Learned a level 3 spell: Ozocubu's Armour
  3020 | D:3      | Found an iron altar of Okawaru.
  3106 | D:3      | Reached skill level 5 in Ice Magic
  3716 | D:3      | Became a worshipper of Warmaster Okawaru
  3871 | D:4      | Found a snail-covered altar of Cheibriados.
  3935 | D:4      | Noticed an ogre
  3970 | D:4      | Killed an ogre
  3970 | D:4      | Reached XP level 6. HP: 41/41 MP: 4/10
  4472 | D:4      | Reached skill level 6 in Ice Magic
  4472 | D:4      | Reached XP level 7. HP: 39/46 MP: 6/11
  4590 | D:4      | Reached * piety under Okawaru
  5074 | D:3      | HP: 2/46 [wight/vampiric hand axe (2)]
  5394 | D:3      | HP: 1/46 [centaur/arrow (8)]
  5395 | D:3      | Shot with an arrow by a centaur

Skill      XL: |  1  2  3  4  5  6 |
---------------+-------------------+-----
Ice Magic      | 4 5 6 |  6.5
Conjurations   | 1 |  1.1
Spellcasting   | 3 |  3.0
Summonings     | 2 3 |  3.1
Dodging        | |  1.7
Stealth        | |  2.4

Action                   |  1- 3 |  4- 6 |  7- 9 || total
-------------------------+-------+-------+-------++-------
Melee: Club              |    19 |       |       ||    19
       Whip              |    51 |    52 |       ||   103
       Flail             |       |    20 |    22 ||    42
 Cast: Freeze            |    13 |    46 |     6 ||    65
       Throw Frost       |    33 |    44 |     3 ||    80
       Summon Ice Beast  |       |     3 |     7 ||    10
       Ozocubu's Armour  |       |       |     2 ||     2
  Use: Scroll            |     6 |     6 |     2 ||    14
       Potion            |     5 |     4 |       ||     9
 Stab: Sleeping          |     2 |     1 |       ||     3
  Eat: Chunk             |     6 |     5 |     5 ||    16
       Bread ration      |       |     1 |       ||     1
       Beef jerky        |       |       |     1 ||     1
Armor: Robe              |    25 |    28 |    10 ||    63
Dodge: Dodged            |    64 |    85 |    23 ||   172
